 Dungeon Crawl Stone Soup version 0.18-a0-1677-g2bdad6c (webtiles) character file.

118 Kidiri the Magician (level 4, 0/25 HPs)
             Began as a Deep Elf Fire Elementalist on Apr 2, 2016.
             Slain by a gnoll
             ... wielding a +0 spear
              (9 damage)
             ... on level 3 of the Dungeon.
             The game lasted 00:19:09 (2569 turns).

Kidiri the Magician (Deep Elf Fire Elementalist)    Turns: 2569, Time: 00:19:09

Health: 0/25       AC:  4    Str:  5    XL:     4   Next: 72%
Magic:  0/12       EV: 10    Int: 21    God:
Gold:   152        SH:  0    Dex: 15    Spells: 4 memorised, 2 levels left

rFire  . . .     SeeInvis .     m - -1 dagger (curse)
rCold  . . .     Gourm    +     a - +0 robe
rNeg   . . .     Faith    .     (no shield)
rPois  .         Spirit   .     e - +0 helmet
rElec  .         Dismiss  .     (no cloak)
rCorr  .         Reflect  .     (no gloves)
SustAt +         Harm     .     g - +0 pair of boots
MR     .....                    r - amulet of the gourmand
Stlth  ++........               y - ring of sustain attributes
                                k - -3 ring of evasion (curse)

@: not resistant to hostile enchantments, unstealthy
A: no striking features
a: no special abilities


You were on level 3 of the Dungeon.
You were completely stuffed.

You visited 1 branch of the dungeon, and saw 3 of its levels.

You collected 152 gold pieces.

Inventory:

Hand Weapons
 m - a cursed -1 dagger (weapon)
Missiles
 f - a throwing net (quivered)
Armour
 a - a +0 robe (worn)
 e - a +0 helmet (worn)
 g - a +0 pair of boots (worn)
Jewellery
 k - a cursed -3 ring of evasion (left hand)
 q - an uncursed ring of stealth
 r - an amulet of the gourmand (around neck)
 w - an uncursed ring of resist corrosion
 y - a ring of sustain attributes (right hand)
Scrolls
 i - a scroll of recharging
 j - a scroll of amnesia
 t - 2 scrolls of fog
 u - a scroll of enchant weapon
Potions
 d - a potion of flight
 l - a potion of might {unknown}
 o - 2 potions of curing {unknown}
 p - a potion of haste {unknown}
 s - a potion of brilliance {unknown}
Books
 b - a book of Flames

   Spells                             Type                      Level
   a - Flame Tongue                   Conjuration/Fire             1
   b - Throw Flame                    Conjuration/Fire             2
   c - Conjure Flame                  Conjuration/Fire             3
   d - Inner Flame                    Hexes/Fire                   3
   e - Sticky Flame                   Conjuration/Fire             4
   f - Fireball                       Conjuration/Fire             5
Comestibles
 c - 2 bread rations
 h - 2 fruits
 n - a slice of pizza
 v - 4 chunks of flesh


   Skills:
 + Level 1.0 Fighting
 + Level 3.0 Dodging
 - Level 2.4 Stealth
 * Level 4.4 Spellcasting
 + Level 2.4 Conjurations
 + Level 1.3 Hexes
 + Level 3.8 Fire Magic


You had 2 spell levels left.
You knew the following spells:

 Your Spells              Type           Power        Failure   Level  Hunger
a - Flame Tongue          Conj/Fire      ###..        3%          1    None
b - Throw Flame           Conj/Fire      ###...       6%          2    #......
c - Conjure Flame         Conj/Fire      ###.....     12%         3    ##.....
d - Inner Flame           Hex/Fire       ###.....     14%         3    ##.....


Dungeon Overview and Level Annotations

Branches:
Dungeon (3/15)

Altars:
Trog


Message History

Press: ? - help, Shift-Dir - straight line, f/p - gnoll
Aim: a gnoll, wielding a spear (moderately wounded)
The flame tongue hits the gnoll.
The gnoll is heavily wounded.
The gnoll hits you from afar with a spear!
You close the door.
A gnoll opens the door.
You close the door.
A gnoll opens the door.
You close the door.
A gnoll opens the door.
You close the door.
A gnoll opens the door.
As you close the door, it creaks loudly!
A gnoll opens the door.
Casting: Flame Tongue
Confirm with . or Enter, or press ? or * to list all spells.
Aiming: Flame Tongue
Press: ? - help, Shift-Dir - straight line, f/p - gnoll
Aim: a gnoll, wielding a spear (heavily wounded)
The flame tongue hits the gnoll.
The gnoll is severely wounded.
The gnoll hits you from afar with a spear!
You die...

.... ##..# #...# ... ### ...
).# #.# #.# #.# #.# #.# #.# #
#@# #.###.##.# ##'##
#.##....)# ##.g.## #.##..#
##.....## #.##..##
##.......##
##(##...####.........###.#
..((.......+.........)†..#
#####.))####.........###.....
#..## ##.......## .##


You could see a gnoll.

Vanquished Creatures
  3 adders (D:2)
  2 gnolls (D:3)
  4 worms (D:2)
  A giant gecko (D:2)
  An orc (D:3)
  3 giant cockroaches (D:2)
  8 goblins
  9 hobgoblins
  A quokka (D:3)
  A ball python (D:1)
  8 bats
  A giant newt (D:1)
  8 kobolds
  12 rats
62 creatures vanquished.

Notes
Turn   | Place    | Note
--------------------------------------------------------------
     0 | D:1      | Kidiri the Deep Elf Fire Elementalist began the quest for the Orb.
     0 | D:1      | Reached XP level 1. HP: 10/10 MP: 6/6
   548 | D:1      | Reached XP level 2. HP: 15/15 MP: 4/8
   552 | D:1      | Learned a level 2 spell: Throw Flame
  1328 | D:2      | Reached XP level 3. HP: 20/20 MP: 7/10
  1333 | D:2      | Learned a level 3 spell: Conjure Flame
  1337 | D:2      | Learned a level 3 spell: Inner Flame
  1551 | D:2      | Reached skill level 4 in Spellcasting
  1622 | D:2      | Found a bloodstained altar of Trog.
  1637 | D:2      | Reached skill level 1 in Hexes
  1904 | D:2      | Reached XP level 4. HP: 24/24 MP: 3/12
  2410 | D:3      | Reached skill level 1 in Fighting
  2569 | D:3      | Slain by a gnoll

Vault maps used:
D:1:      dpeg_arrival_erosion
D:2:      trog_hazing_becter

Skill      XL: |  1  2  3  4 |
---------------+-------------+-----
Spellcasting   | 4 |  4.4
Hexes          | 1 |  1.3
Dodging        | 3 |  3.0
Fighting       | 1 |  1.0
Conjurations   | 2 |  2.4
Stealth        | |  2.4
Fire Magic     | |  3.8

Action                   |  1- 3 |  4- 6 || total
-------------------------+-------+-------++-------
Melee: Unarmed           |     1 |       ||     1
       Dagger            |     6 |     3 ||     9
 Cast: Flame Tongue      |    62 |    21 ||    83
       Throw Flame       |    12 |    10 ||    22
       Conjure Flame     |     1 |       ||     1
       Inner Flame       |     1 |       ||     1
  Use: Scroll            |     6 |     1 ||     7
  Eat: Chunk             |    20 |     2 ||    22
